cohdb
Replays
Latest Replays
All Replays
Popular Replays
Top Player Replays
Match Explorer
How It Works
Community
CoH3 Stats
Reddit
Sign in to upload your games and track your stats! →
Sign in with Steam
Match 45237529
Unlisted
Match 45237529
Overview
Messages
Build Orders
End
Construct Infanterie Kompanie
MG 42 Machine Gun Team
GrW 34 Mortar Team
Grenadier Squad
Construct Luftwaffe Kompanie
Jäger Squad
Support Elements
Jäger Squad
Wirbelwind Flakpanzer
Luftwaffe Officer Quarters
Medical Station
Construct Panzergrenadier Kompanie
Nebelwerfer 42 Rocket Launcher Team
Wirbelwind Flakpanzer
Side Skirts
Jäger Squad
Wirbelwind Flakpanzer
Selects Luftwaffe Battlegroup
Selects Reconnaissance Run
Selects Fallschirmjäger Squad Paradrop
Selects Stuka Loiter
Stuka Loiter
Reconnaissance Run
Selects Luftwaffe Pioneer Support
Fallschirmpioneer Squad Paradrop
Lomex
mironenich
GLINOMES
relic_was_geht
Arkshan
S1L
Clion3x
Shaka
0
0
Comments
sign in to comment!
No comments posted yet!